 Dungeon Crawl Stone Soup version 0.27.1-1-g398f81649c (webtiles) character file.

Game seed: 13763481402980225566

123431 Cykl0x the Fencer (level 16, -6/146 HPs)
             Began as a Minotaur Fighter on Sept 16, 2021.
             Was the Champion of the Shining One.
             Mangled by an alligator (18 damage)
             ... on level 2 of the Swamp on Sept 17, 2021.
             The game lasted 00:44:14 (21826 turns).

Cykl0x the Fencer (Minotaur Fighter)               Turns: 21826, Time: 00:44:15

Health: -6/146     AC: 26    Str: 30    XL:     16   Next: 36%
Magic:  15/25      EV:  8    Int:  5    God:    the Shining One [******]
Gold:   2434       SH: 27    Dex:  9    Spells: 15/15 levels left

rFire    + + .     SeeInvis .   s - +2 long sword (elec)
rCold    + . .     Faith    .   c - +1 kite shield
rNeg     + + +     Spirit   .   M - +3 chain mail {rF+}
rPois    +         Reflect  .   (helmet restricted)
rElec    +         Harm     .   K - +2 cloak {rF+}
rCorr    +         Rampage  .   n - +2 pair of gloves {Str+3}
Will     +....                  y - +2 pair of boots
Stlth    ..........             l - amulet of regeneration
HPRegen  1.34/turn              e - ring of positive energy
MPRegen  0.19/turn              J - ring of Vullarauf {rElec rPois rC+ rCorr}

@: divinely shielded, grasped by roots, glowing, constricted, studying Stealth
A: horns 2, retaliatory headbutt, clumsy 1
a: Renounce Religion, Divine Shield, Cleansing Flame, Summon Divine Warrior,
Brand Weapon With Holy Wrath


You were on level 2 of the Swamp.
You worshipped the Shining One.
The Shining One was exalted by your worship.
You visited 4 branches of the dungeon, and saw 25 of its levels.
You visited the Abyss 2 times.
You also visited: Volcano.

You collected 2638 gold pieces.
You spent 204 gold pieces at shops.

Inventory:

Hand Weapons
 k - a +2 long sword of flaming
 s - a +2 long sword of electrocution (weapon)
 z - a +2 vorpal scimitar
Missiles
 j - 644 stones
 t - 89 poisoned darts
 N - 2 boomerangs of dispersal
 O - 4 silver javelins
 P - 7 boomerangs (quivered)
Armour
 c - a +1 kite shield (worn)
 n - a +2 pair of gloves of strength (worn)
 y - a +2 pair of boots (worn)
 K - a +2 cloak of fire resistance (worn)
 M - a +3 chain mail of fire resistance (worn)
Jewellery
 e - a ring of positive energy (left hand)
 l - an amulet of regeneration (around neck)
 D - a ring of ice
 J - the ring of Vullarauf (right hand) {rElec rPois rC+ rCorr}
   (You acquired it on level 2 of the Lair of Beasts)

   [ring of protection from cold]

   rC:        It protects you from cold.
   rElec:     It insulates you from electricity.
   rPois:     It protects you from poison.
   rCorr:     It protects you from acid and corrosion.
 Q - a ring of willpower
Wands
 u - a wand of paralysis (15)
 w - a wand of iceblast (25)
 B - a wand of flame (39)
 C - a wand of mindburst (6)
 L - a wand of polymorph (6)
Scrolls
 b - a scroll of blinking
 f - a scroll of immolation
 m - 11 scrolls of teleportation
 p - 2 scrolls of enchant weapon
 q - 2 scrolls of enchant armour
 A - 14 scrolls of identify
 E - 4 scrolls of magic mapping
 F - 2 scrolls of amnesia
 H - 5 scrolls of fog
Potions
 a - 4 potions of ambrosia
 d - 2 potions of haste
 g - 2 potions of heal wounds
 h - 8 potions of lignification
 i - 5 potions of cancellation
 o - 8 potions of flight
 r - 5 potions of might
 v - 4 potions of berserk rage
 x - 2 potions of curing
 G - 3 potions of resistance
 I - 4 potions of magic


   Skills:
 + Level 14.0 Fighting
 + Level 16.1 Long Blades
 + Level 5.4 Throwing
 + Level 13.9 Armour
 + Level 6.6 Dodging
 + Level 15.9 Shields
 * Level 13.4 Invocations
 + Level 1.4 Evocations


You had 15 spell levels left.
You didn't know any spells.
Your spell library contained the following spells:

 Spells                   Type           Power      Damage    Failure   Level
 Slow                     Hex            0%         N/A       95%         2
 Static Discharge         Conj/Air       0%         N/A       95%         2
 Sublimation of Blood     Necr           0%         N/A       95%         2
 Wereblood                Tmut           0%         N/A       95%         2
 Confusing Touch          Hex            0%         N/A       99%         3
 Frozen Ramparts          Ice            0%         1d2       99%         3
 Ozocubu's Armour         Ice            0%         N/A       99%         3
 Stone Arrow              Conj/Erth      0%         3d7       99%         3
 Vampiric Draining        Necr           0%         2d6       99%         3
 Animate Armour           Summ/Erth      0%         N/A       100%        4
 Ice Form                 Ice/Tmut       0%         N/A       100%        4
 Petrify                  Tmut/Erth      0%         N/A       100%        4
 Summon Ice Beast         Ice/Summ       0%         N/A       100%        4
 Bolt of Magma            Conj/Fire/Erth 0%         4d4       100%        5
 Irradiate                Conj/Tmut      0%         3d13      100%        5
 Lightning Bolt           Conj/Air       0%         1d11      100%        5
 Dispersal                Tloc           0%         N/A       100%        6
 Ozocubu's Refrigeration  Ice            0%         4d5       100%        7
 Summon Hydra             Summ           0%         N/A       100%        7
 Disjunction              Tloc           0%         N/A       100%        8
 Lehudib's Crystal Spear  Conj/Erth      0%         10d2      100%        8
 Maxwell's Capacitive Co  Air            0%         ∞         100%        8
 Shatter                  Erth           0%         3d5*      100%        9


Dungeon Overview and Level Annotations

Branches:
Dungeon (15/15)            Temple (0/1) D:7            Lair (6/6) D:8
  Swamp (2/4) Lair:2       Spider (0/4) Lair:3        Slime (0/5) Lair:6
    Orc (2/2) D:10            Elf (0/3) Orc:2        Vaults (0/5) D:14
 Depths (0/5) D:15        Volcano (visited)

Altars:
Ashenzari
Cheibriados
Dithmenos
Elyvilon
Gozag
Hepliaklqana
Kikubaaqudgha
Makhleb
Nemelex Xobeh
Okawaru
Qazlal
Sif Muna
Trog
Uskayaw
Vehumet
Xom
Zin
The Shining One
Jiyva

Shops:
D:3 *   D:13 ?   Orc:1 !   Orc:2 *(*[

Portals:
Hell: Lair:6
Trove: D:15 (give 7 potions of haste)

Annotations:
D:15 3 runed translucent doors


Innate Abilities, Weirdness & Mutations

You have a pair of horns on your head.
You reflexively headbutt those who attack you in melee.
You are clumsy. (Dex -2)


Message History

You hit the alligator.
The alligator is moderately wounded.
The alligator bites you but does no damage.
The alligator closely misses you.
Unknown command.
You hit the alligator.
Lightning courses through the alligator!
The alligator is heavily wounded.
You block the alligator's attack. The alligator closely misses you.
You block the shambling mangrove's attack.
The grasping roots constrict you.
* * * LOW HITPOINT WARNING * * *
You feel much better. You block the alligator's attack. x2
The shambling mangrove hits you!
* * * LOW HITPOINT WARNING * * *
The grasping roots constrict you!
* * * LOW HITPOINT WARNING * * *
You are momentarily dazzled by a brilliant light.
The alligator bites you but does no damage.
You block the alligator's attack.
The alligator bites you but does no damage.
You block the alligator's attack.
The shambling mangrove hits you but does no damage.
The grasping roots constrict you!
* * * LOW HITPOINT WARNING * * *
You fail to use your ability.
You block the alligator's attack. x2
The grasping roots release their grip on you.
Unknown command.
You hit the shambling mangrove.
Lightning courses through the shambling mangrove!!
Your headbutt misses the shambling mangrove.
The shambling mangrove is moderately damaged.
Your angel hits the shambling mangrove but does no damage.
Your angel hits the shambling mangrove with a +3 whip of holy wrath!
Roots burst forth from the earth!
The grasping roots grab you! The grasping roots constrict you!
* * * LOW HITPOINT WARNING * * *
The alligator bites you!!
You die...

♣...≈.≈. ♣.≈≈ .≈ ♣.....≈♣
§≈.≈♣. .♣ ♣♣.≈..).≈ ≈≈≈..
.♣ ♣ ♣..♣.≈.≈§ ♣≈.≈♣♣)♣..♣
♣.♣♣♣[..≈
♣♣♣♣♣...♣≈.♣..♣..♣.♣♣....♣
≈♣......≈...♣..♣..♣.♣♣♣≈...
...≈≈≈≈...A...♣♣.♣♣.♣♣.≈.≈♣
..≈≈≈≈≈..f@§≈.♣≈.♣..♣♣♣.≈..
.≈..≈≈≈≈.†t≈≈.♣..♣.♣♣ ♣♣≈≈.
.≈≈..≈≈≈≈≈..≈.♣..♣..♣♣♣≈♣≈.
≈≈.(§≈≈≈≈≈§...♣.≈♣...♣..♣.≈
...≈≈≈§≈≈≈≈§♣...♣♣.≈..≈≈♣..
...≈≈≈≈≈≈§≈.♣♣..♣..≈.....♣♣
...≈≈≈≈§≈≈≈♣♣♣..♣.♣.....≈♣♣
.<≈≈≈≈≈...♣♣♣...♣....≈≈§.♣.
≈≈≈≈≈≈≈...♣ ♣.≈.♣..≈≈≈≈≈..≈


You could see a shambling mangrove (ally target), an alligator (swift) and a
friendly angel (summoned).

Vanquished Creatures
  2 tentacled starspawn (Abyss:2)
  Donald (Orc:2)
  2 cacodemons (Abyss:2)
  A ghoul (Swamp:2)
  A stone giant (Orc:2)
  3 eleionomae
  Snorg (Orc:2)
  Josephine (D:10)
  Erolcha (Orc:2)
  3 vault guards (D:14)
  The ghost of Kinoniko the Severer, a journeyman HOBe of Trog (D:10)
  6 hydras
  A ghost crab (Swamp:1)
  2 ogre magi (Orc:2)
  2 catoblepae
  12 two-headed ogres
  2 centaur warriors
  A death knight (D:15)
  A dancing weapon (D:10)
  3 alligators
  5 death yaks
  2 orc high priests (Orc:2)
  Urug (Orc:2)
  6 thrashing horrors (Abyss:3)
  An iron troll (Orc:2)
  3 sixfirhies
  2 goliath frogs
  A deep troll (Orc:2)
  A death drake (Swamp:2)
  A spriggan druid (Swamp:2)
  2 starcursed masses (Abyss:3)
  4 wizards
  3 bog bodies
  3 orc knights
  3 swamp dragons
  A necromancer (D:15)
  12 ugly things
  2 will-o-the-wisps (Swamp:2)
  A wolf spider (D:11)
  An orb spider (Lair:3)
  4 orc sorcerers
  4 cyclopes
  A manticore (D:11)
  3 black mambas
  9 elephants
  Maurice (D:8)
  A worldbinder (Abyss:3)
  3 smoke demons
  An eye of devastation (Abyss:3)
  6 orange demons
  A naga mage (D:15)
  3 torpor snails
  Joseph (D:8)
  A molten gargoyle (D:15)
  An unseen horror (D:9)
  7 cane toads
  A gargoyle (Volcano)
  2 efreet
  6 komodo dragons
  A yaktaur (D:14)
  6 rime drakes
  3 freezing wraiths
  2 ice devils (Lair:6)
  3 meliai (D:13)
  19 trolls
  2 tyrant leeches (Swamp:1)
  A harpy skeleton (D:15)
  4 polar bears
  A hornet (Swamp:1)
  Prince Ribbit (D:8)
  A bloated husk (Swamp:2)
  6 dream sheep (Lair:6)
  9 blink frogs
  A blink frog (shapeshifter) (D:13)
  An iron dragon simulacrum (Abyss:2)
  2 meliai zombies (D:11)
  A raiju (Abyss:3)
  A centaur simulacrum (D:15)
  A water elemental (D:15)
  A spriggan (Swamp:1)
  2 shadows
  8 wraiths
  A vampire (D:11)
  2 wyverns
  35 yaks
  2 fire elementals (Volcano)
  A golden eye (Abyss:3)
  A hog (Swamp:2)
  4 basilisks
  5 vampire mosquitoes
  3 large abominations
  8 swamp worms
  9 water moccasins
  5 wargs
  An acid dragon (D:13)
  A small abomination (Abyss:2)
  3 hell hounds (Lair:6)
  Duvessa (D:4)
  A meliai simulacrum (D:15)
  18 orc warriors
  A hornet zombie (D:4)
  A sky beast (D:5)
  3 black bears
  17 wolves
  A necrophage (D:7)
  20 ogres
  5 centaurs
  A phantom (D:5)
  7 kobold brigands
  8 bullfrogs
  A gnoll sergeant (D:9)
  A water moccasin zombie (D:6)
  5 scorpions
  Dowan (D:4)
  7 killer bees (D:9)
  7 wights
  5 howler monkeys
  5 electric eels
  5 centaur zombies
  7 hounds
  5 jellies
  A quasit (Abyss:2)
  4 orc priests
  An iguana (D:4)
  9 orc wizards
  A hound skeleton (D:4)
  A howler monkey zombie (D:7)
  5 gnolls (D:9)
  3 adders
  3 shadow imps
  A white imp (D:7)
  2 adder skeletons (D:4)
  2 worms
  5 dart slugs
  28 orcs
  9 bats
  2 endoplasms (D:3)
  3 giant cockroaches
  9 goblins
  4 hobgoblins
  3 jackals (D:2)
  A quokka (D:5)
  7 ball pythons
  6 frilled lizards
  28 kobolds
  4 rats
  A spectral hobgoblin (D:3)
592 creatures vanquished.

Vanquished Creatures (collateral kills)
  A tentacled monstrosity (Swamp:2)
  The ghost of Suryr the Thaumaturge, an adept GnWz of Sif Muna (Swamp:2)
  Kirke (Swamp:2)
  The ghost of Name63 the Destroyer, a journeyman DsCj of Vehumet (Swamp:2)
  A bunyip (Swamp:2)
  2 spriggan air magi (Swamp:2)
  A ghost crab (Swamp:2)
  A spriggan druid (Swamp:2)
  A bog body (Swamp:2)
  2 hornets (Swamp:2)
  A tyrant leech (Swamp:2)
  5 spriggans (Swamp:2)
  A swamp worm (Swamp:2)
19 creatures vanquished.

Vanquished Creatures (others)
  An eleionoma (Swamp:1)
  A goliath frog (Swamp:1)
  A spriggan druid (Swamp:1)
  2 bloated husks (Swamp:2)
  A shadow (D:10)
  A vampire mosquito (Swamp:2)
  A swamp drake (Swamp:2)
  3 wights (D:10)
  16 foxfires (Swamp:2)
  10 fungi
  A lurking horror (Abyss:3)
  28 plants
  4 starspawn tentacles (Abyss:2)
70 creatures vanquished.

Grand Total: 681 creatures vanquished

Notes
Turn   | Place    | Note
-------+----------+-------------------------------------------
     0 | D:1      | Cykl0x the Minotaur Fighter began the quest for the Orb.
     0 | D:1      | Reached XP level 1. HP: 19/19 MP: 0/0
   264 | D:1      | Reached XP level 2. HP: 27/27 MP: 1/1
   910 | D:2      | Reached XP level 3. HP: 33/33 MP: 2/2
  1245 | D:2      | Reached skill level 3 in Long Blades
  2001 | D:3      | Found a radiant altar of Vehumet.
  2058 | D:3      | Found an iron altar of Okawaru.
  2105 | D:3      | Reached XP level 4. HP: 40/40 MP: 3/3
  2278 | D:3      | Found a glowing golden altar of the Shining One.
  2295 | D:3      | Became a worshipper of the Shining One
  2382 | D:3      | Found Faf Housk's General Store.
  2413 | D:3      | Found a faded altar of an unknown god.
  2923 | D:4      | Reached skill level 4 in Long Blades
  2923 | D:4      | Reached skill level 1 in Invocations
  2923 | D:4      | Reached XP level 5. HP: 30/46 MP: 4/4
  3028 | D:4      | Reached skill level 5 in Armour
  3149 | D:4      | Reached XP level 6. HP: 53/53 MP: 6/6
  3277 | D:4      | Found a white marble altar of Elyvilon.
  3279 | D:4      | Noticed Dowan
  3286 | D:4      | Killed Dowan
  3286 | D:4      | Noticed Duvessa
  3287 | D:4      | Reached skill level 1 in Throwing
  3292 | D:4      | Killed Duvessa
  3293 | D:4      | Reached skill level 1 in Dodging
  3293 | D:4      | Reached skill level 5 in Shields
  3539 | D:4      | Reached skill level 5 in Long Blades
  3552 | D:4      | Found a stormy altar of Qazlal.
  3601 | D:5      | Entered Level 5 of the Dungeon
  3745 | D:5      | Reached XP level 7. HP: 58/60 MP: 7/7
  3962 | D:5      | Found a shadowy altar of Dithmenos.
  4003 | D:5      | Found a shimmering blue altar of Sif Muna.
  4332 | D:6      | Reached skill level 6 in Long Blades
  4339 | D:6      | Found a broken altar of Ashenzari.
  4450 | D:6      | Reached * piety under the Shining One
  4464 | D:6      | Reached XP level 8. HP: 64/67 MP: 9/9
  4564 | D:6      | Found a snail-covered altar of Cheibriados.
  4810 | D:6      | Reached skill level 5 in Fighting
  4810 | D:6      | Reached skill level 7 in Long Blades
  4912 | D:7      | Found a hazy altar of Hepliaklqana.
  5159 | D:7      | Found a staircase to the Ecumenical Temple.
  5278 | D:7      | Reached skill level 8 in Long Blades
  5383 | D:7      | Reached XP level 9. HP: 74/74 MP: 11/11
  5752 | D:8      | Reached ** piety under the Shining One
  5767 | D:8      | Reached skill level 5 in Invocations
  5878 | D:8      | Reached skill level 9 in Long Blades
  5919 | D:8      | Noticed Joseph
  5931 | D:8      | Killed Joseph
  5966 | D:8      | Noticed a troll
  6027 | D:8      | Noticed Maurice
  6055 | D:8      | Killed Maurice
  6090 | D:8      | Found a staircase to the Lair.
  6183 | D:8      | Noticed Prince Ribbit
  6202 | D:8      | Killed Prince Ribbit
  6203 | D:8      | Reached XP level 10. HP: 84/84 MP: 13/13
  6281 | D:8      | Found a hide-covered altar of Uskayaw.
  6411 | D:8      | Reached skill level 10 in Long Blades
  6411 | D:8      | Identified a scroll of acquirement
  6411 | D:8      | Acquired the ring "Naisegak" {Drain rPois rCorr Str+3
                  | Stlth+}
  6417 | D:8      | Found a burning altar of Makhleb.
  6433 | D:8      | Reached skill level 1 in Evocations
  6703 | D:9      | Found an opulent altar of Gozag.
  6942 | D:9      | Found a bloodstained altar of Trog.
  7917 | D:10     | Entered Level 10 of the Dungeon
  7935 | D:10     | Found a runed translucent door.
  7936 | D:10     | Found a shimmering altar of Xom.
  7936 | D:10     | Noticed a +1 broad axe of chaos
  7936 | D:10     | Noticed Kinoniko's ghost (journeyman HOBe)
  7936 | D:10     | You fall into a shaft and drop 3 floors!
  7936 | D:13     | Noticed a centaur warrior
  7936 | D:13     | Found Zowunun's Magic Scroll Shoppe.
  7945 | D:13     | Killed a centaur warrior
  7946 | D:13     | Reached skill level 11 in Long Blades
  8083 | D:12     | Noticed a cyclops
  8109 | D:12     | Killed a cyclops
  8211 | D:11     | Noticed a purple ugly thing
  8223 | D:11     | Killed a purple ugly thing
  8224 | D:11     | Reached XP level 11. HP: 92/92 MP: 15/15
  8278 | D:11     | Reached *** piety under the Shining One
  8386 | D:11     | Reached skill level 12 in Long Blades
  8471 | D:11     | Noticed a sea snake
  8490 | D:10     | Noticed Josephine
  8507 | D:10     | Killed Josephine
  8591 | D:10     | Found a sparkling altar of Nemelex Xobeh.
  8721 | D:10     | Found a glowing silver altar of Zin.
  8948 | D:10     | Found a staircase to the Orcish Mines.
  9345 | D:10     | Killed a +1 broad axe of chaos
  9359 | D:10     | Killed Kinoniko's ghost
  9592 | D:11     | Reached **** piety under the Shining One
  9644 | D:11     | Noticed a wolf spider
  9661 | D:11     | Killed a wolf spider
  9662 | D:11     | Reached skill level 10 in Armour
  9711 | D:11     | Noticed a two-headed ogre
  9719 | D:11     | Killed a two-headed ogre
  9741 | D:11     | Noticed a five-headed hydra
  9744 | D:11     | Noticed a two-headed ogre
  9751 | D:11     | Killed a one-headed hydra
  9752 | D:11     | Reached skill level 10 in Shields
  9752 | D:11     | Reached XP level 12. HP: 84/103 MP: 17/17
  9758 | D:11     | Killed a two-headed ogre
  9759 | D:11     | Reached skill level 13 in Long Blades
 10340 | D:13     | Noticed a two-headed ogre
 10350 | D:13     | Killed a two-headed ogre
 10412 | D:13     | You fall into a shaft and drop 2 floors!
 10412 | D:15     | Entered Level 15 of the Dungeon
 10529 | D:15     | Noticed a centaur warrior
 10539 | D:15     | Killed a centaur warrior
 10738 | D:15     | Found a runed translucent gate.
 10738 | D:15     | Found a runed translucent gate.
 10738 | D:15     | Found a runed translucent gate.
 10740 | D:15     | Noticed a brown very ugly thing
 10843 | D:15     | Found a portal to a secret trove of treasure.
 11191 | D:15     | Paralysed by an orc sorcerer for 7 turns
 11219 | D:15     | Reached skill level 14 in Long Blades
 11285 | D:15     | Reached skill level 10 in Invocations
 11285 | D:15     | Reached XP level 13. HP: 113/113 MP: 19/19
 11287 | D:15     | Found a staircase to the Depths.
 11402 | D:15     | Reached skill level 10 in Fighting
 11408 | D:15     | Reached ***** piety under the Shining One
 12460 | D:14     | Cast into level 3 of the Abyss (a wizard)
 12595 | Abyss:3  | Noticed an ironbound preserver
 12595 | Abyss:3  | Noticed an ironbound preserver
 12622 | Abyss:3  | Noticed a starcursed mass
 12674 | D:14     | Escaped the Abyss
 12845 | D:14     | Found a gate to the Vaults.
 13228 | Lair:1   | Entered Level 1 of the Lair of Beasts
 14013 | Lair:2   | Acquired the ring of Vullarauf {rElec rPois rC+ rCorr}
 14084 | Lair:2   | Reached XP level 14. HP: 102/102 MP: 21/21
 14146 | Lair:2   | Found a staircase to the Swamp.
 14180 | Lair:2   | Found a broken altar of Ashenzari.
 14578 | Lair:3   | Found a hole to the Spider Nest.
 14835 | Lair:3   | Reached skill level 15 in Long Blades
 14930 | Lair:3   | Found an ancient bone altar of Kikubaaqudgha.
 15362 | Lair:4   | Found a dark tunnel.
 15371 | Volcano  | Entered a volcano
 17480 | Lair:6   | Entered Level 6 of the Lair of Beasts
 17726 | Lair:6   | Reached skill level 5 in Dodging
 18061 | Lair:6   | Found a staircase to the Slime Pits.
 18061 | Lair:6   | Found a viscous altar of Jiyva.
 18206 | Lair:6   | Found a burning altar of Makhleb.
 18207 | Lair:6   | Reached ****** piety under the Shining One
 18259 | Lair:6   | Reached XP level 15. HP: 134/134 MP: 23/23
 18302 | Lair:6   | Found a gateway to Hell.
 18778 | Orc:1    | Entered Level 1 of the Orcish Mines
 18956 | Orc:2    | Entered Level 2 of the Orcish Mines
 18956 | Orc:2    | Noticed Urug
 18957 | Orc:2    | Noticed Snorg
 18964 | Orc:2    | Killed Urug
 18973 | Orc:2    | Killed Snorg
 19171 | Orc:1    | Found Byciuqed's Distillery.
 19289 | Orc:2    | Noticed Erolcha
 19289 | Orc:2    | Noticed Donald
 19305 | Orc:2    | Killed Donald
 19305 | Orc:2    | Cast into level 2 of the Abyss (Erolcha)
 19375 | Abyss:2  | Gained mutation: You evolve. [a cacodemon]
 19376 | Abyss:2  | Gained mutation: You are dopey. (Int -2) [a cacodemon]
 19377 | Abyss:2  | Noticed a tentacled starspawn
 19386 | Abyss:2  | Killed a tentacled starspawn
 19504 | Abyss:2  | Gained mutation: You are very dopey. (Int -4) [a cacodemon]
 19506 | Abyss:2  | Gained mutation: You tend to lose your temper in combat. [a
                  | cacodemon]
 19507 | Abyss:2  | Gained mutation: You are clumsy. (Dex -2) [a cacodemon]
 19510 | Abyss:2  | Noticed a tentacled starspawn
 19510 | Abyss:2  | Gained mutation: You are weak. (Str -2) [a cacodemon]
 19515 | Abyss:2  | Lost mutation: You are clumsy. (Dex -2) [potion of
                  | mutation]
 19515 | Abyss:2  | Gained mutation: Armour fits poorly on your strangely
                  | shaped body. [potion of mutation]
 19516 | Abyss:2  | Lost mutation: You are weak. (Str -2) [potion of mutation]
 19516 | Abyss:2  | Lost mutation: You are very dopey. (Int -4) [potion of
                  | mutation]
 19516 | Abyss:2  | Lost mutation: You are dopey. (Int -2) [potion of mutation]
 19516 | Abyss:2  | Gained mutation: You sometimes lose the ability to read
                  | scrolls when taking damage. [potion of mutation]
 19516 | Abyss:2  | Lost mutation: You tend to lose your temper in combat.
                  | [potion of mutation]
 19527 | Abyss:2  | Killed a tentacled starspawn
 19529 | Abyss:2  | Lost mutation: You sometimes lose the ability to read
                  | scrolls when taking damage. [potion of mutation]
 19529 | Abyss:2  | Lost mutation: Armour fits poorly on your strangely shaped
                  | body. [potion of mutation]
 19529 | Abyss:2  | Lost mutation: You evolve. [potion of mutation]
 19529 | Abyss:2  | Gained mutation: You are clumsy. (Dex -2) [potion of
                  | mutation]
 19552 | Orc:2    | Escaped the Abyss
 19562 | Orc:2    | Killed Erolcha
 19783 | Orc:2    | Found Ymizid's Assorted Antiques.
 19871 | Orc:2    | Paralysed by an orc sorcerer for 4 turns
 19889 | Orc:2    | Reached skill level 15 in Shields
 19927 | Orc:2    | Found Cidais's Antique Armour Emporium.
 19977 | Orc:2    | Found Beesal's Antique Weapon Shoppe.
 19978 | Orc:2    | Found Gasecaoz's Assorted Antiques.
 19980 | Orc:2    | Bought a scroll of immolation for 84 gold pieces
 19980 | Orc:2    | Bought a potion of heal wounds for 120 gold pieces
 20060 | Orc:2    | Found a staircase to the Elven Halls.
 20499 | Swamp:1  | Entered Level 1 of the Swamp
 20667 | Swamp:1  | Reached skill level 16 in Long Blades
 20692 | Swamp:1  | Reached skill level 5 in Throwing
 20696 | Swamp:1  | Reached XP level 16. HP: 103/145 MP: 22/24
 21109 | Swamp:2  | Found a runed translucent gate.
 21109 | Swamp:2  | Found a runed translucent gate.
 21109 | Swamp:2  | Found a runed translucent gate.
 21114 | Swamp:2  | Noticed Name63's ghost (journeyman DsCj)
 21114 | Swamp:2  | Noticed Suryr's ghost (adept GnWz)
 21162 | Swamp:2  | Killed Name63's ghost
 21169 | Swamp:2  | Killed Suryr's ghost
 21282 | Swamp:2  | Noticed Kirke
 21294 | Swamp:2  | Killed Kirke
 21413 | Swamp:2  | Noticed a tentacled monstrosity
 21418 | Swamp:2  | Killed a tentacled monstrosity
 21826 | Swamp:2  | Mangled by an alligator

Illustrated notes

Levels and vault maps discovered:
D:1:      dpeg_arrival_windows_large_door, layout_loops_ring
D:2:      layout_basic, serial_forest, infiniplex_forest_straight_2,
          infiniplex_forest_clump_diagonal, infiniplex_forest_straight_3,
          infiniplex_forest_clump_large, infiniplex_forest_clump_tiny,
          infiniplex_forest_corner_1
D:3:      layout_loops_corners, mainiacjoe_overflow_six_doors_small,
          nicolae_tso_carved_into_rock, mainiacjoe_overflow_brackets,
          dreamdust_ecumenical_altar_drowned_temple, serial_shops, shop
D:4:      layout_basic, mainiacjoe_overflow_small_starburst,
          kennysheep_mini_moat, uniq_duvessa
D:5:      layout_basic, nicolae_dithmenos_through_a_glass_darkly,
          amcnicky_altar_gilded
D:6:      layout_basic, evilmike_ruin_ashenzari, kennysheep_slug_shrine,
          interstate_on_off, grunt_ministairs_14
D:7:      minmay_inner_zag, layout_basic, nicolae_hepliaklqana_hazy_memory,
          temple_fountains
D:8:      layout_loops_ring, mainiacjoe_overflow_tiny_flanked,
          mainiacjoe_overflow_surrounded_room, erik_lair_island, st_stairs_9,
          uniq_prince_ribbit1, uniq_joseph, uniq_maurice
D:9:      layout_layer_cave, nicolae_gozag_cash_rules_everything_around_me,
          lemuel_crystal_altar
D:10:     layout_roguey, nemelex_diamond_rough_becter, zin_academy, orc_0_dummy,
          ebering_ghost_xom, lemuel_flame_loot_1, uniq_josephine
D:11:     layout_roguey, serial_aquarium, aquarium_bridge_island_large
          [aquarium_subvault_large_open, aquarium_subvault_wall,
          aquarium_subvault_bridge, aquarium_subvault_wall,
          aquarium_subvault_bridge], aquarium_bridge_straight
          [aquarium_subvault_bridge, aquarium_subvault_window,
          aquarium_subvault_bridge, aquarium_subvault_wall], aquarium_window_1,
          aquarium_window_3, aquarium_window_corner, aquarium_view_2d,
          aquarium_balcony_double_2
D:12:     layout_cave_pools, fungi_pond_lemuel, serial_bayou_pond_c
D:13:     layout_loops_ring, serial_shops, nicolae_stop_n_shop_1
D:14:     layout_rooms, grunt_vaults_entry_fortified,
          infiniplex_staircase_zigzag_1, grunt_decor_fettered
D:15:     grunt_enter_depths_magical_seal, layout_loops_ring,
          nicolae_trove_entry_crossroad,
          ploomutoo_gammafunk_ghost_potion_laboratory, nicolae_lava_and_water
Lair:1:   layout_loops_ring
Lair:2:   layout_loops_ring, skrybe_swamp_entry_bodies, basic_altar,
          lemuel_fruit_tree
Lair:3:   layout_long_grid, nicolae_spider_entry_orb_guardian, basic_altar
Lair:4:   layout_concentric_octagons, nicolae_volcano_entry_two_sided,
          lemuel_fruit_fields
Lair:5:   layout_layer_cave, grunt_megastairs_3, serial_bayou_shore_a
Lair:6:   evil_forest, layout_regular_city, slime_altar_1, st_stairs_4,
          infiniplex_staircase_pool, grunt_megastairs_2, serial_bayou_shore_b
Swamp:1:  layout_basic_swamp, evilmike_swamp_ruin_house_4
Swamp:2:  nzn_winding_woodlands_small [nzn_winding_woodlands_5x15_garden,
          nzn_winding_woodlands_center_pierced_h,
          nzn_winding_woodlands_5x15_split_checker], layout_basic_swamp,
          gammafunk_ghost_cemetery, hangedman_swamp_cone, uniq_kirke
Orc:1:    layout_caves, serial_shops, shop
Orc:2:    st_orc_open, layout_diamond_mine, uniq_erolcha, uniq_donald,
          uniq_snorg, uniq_urug

Skill      XL: |  1  2  3  4  5  6  7  8  9 10 11 12 13 14 15 16 |
---------------+-------------------------------------------------+-----
Armour         | 4 5 6 7 9 10 11 12 13 | 13.9
Shields        | 4 5 6 7 8 10 12 13 15 | 15.9
Fighting       | 4 5 6 7 8 9 11 12 13 14 | 14.0
Long Blades    | 3 4 5 6 8 9 11 12 14 15 16 | 16.1
Invocations    | 1 2 3 4 5 7 8 10 11 12 13 | 13.4
Throwing       | 1 2 3 4 5 |  5.4
Dodging        | 1 2 3 4 5 6 |  6.6
Evocations     | 1 |  1.4

Action                   |  1- 3 |  4- 6 |  7- 9 | 10-12 | 13-15 | 16-18 || total
-------------------------+-------+-------+-------+-------+-------+-------++-------
Melee: Long sword        |    98 |    63 |   168 |    30 |   464 |   151 ||   974
       Headbutt          |    13 |    14 |    33 |   141 |   361 |    23 ||   585
       Scimitar          |       |       |       |   457 |   806 |       ||  1263
Throw: Stone             |    19 |    24 |    26 |    40 |    44 |       ||   153
       Dart              |       |       |     1 |     7 |     8 |       ||    16
       Boomerang         |       |       |       |       |    15 |    18 ||    33
       Javelin           |       |       |       |       |     6 |     4 ||    10
Invok: Divine Shield     |       |       |       |     3 |     5 |     3 ||    11
       Cleansing Flame   |       |       |       |       |     3 |     2 ||     5
       Summon Divine War |       |       |       |       |       |     2 ||     2
Evoke: Wand              |       |       |     6 |     4 |     4 |       ||    14
  Use: Scroll            |       |    11 |     5 |     6 |    10 |       ||    32
       Potion            |       |     1 |       |     1 |     9 |     4 ||    15
Armor: Scale mail        |    53 |     1 |       |       |       |       ||    54
       Chain mail        |       |    18 |    79 |   159 |   446 |    67 ||   769
Dodge: Dodged            |    39 |    11 |    52 |   127 |   303 |    32 ||   564
Block: Kite shield       |    53 |    29 |   107 |   314 |   871 |   129 ||  1503
       Rpst.: Long sword |     9 |     4 |    15 |     3 |    22 |    10 ||    63
       Scimitar          |       |       |       |    30 |    42 |       ||    72
